 Dungeon Crawl Stone Soup version 0.24.0-13-gcf9b319 (webtiles) character file.

Game seed: 18270529081148878907, levelgen mode: deterministic

1511 Fang the Skirmisher (level 8, 0/52 HPs)
             Began as a Gargoyle Berserker on Dec 6, 2019.
             Was an Elder of Trog.
             Slain by an ogre
             ... wielding a cursed -1 giant spiked club
              (26 damage)
             ... on level 6 of the Dungeon on Dec 9, 2019.
             The game lasted 00:07:05 (4838 turns).

Fang the Skirmisher (Gargoyle Berserker)            Turns: 4838, Time: 00:07:06

Health: 0/52       AC: 21    Str: 23      XL:     8   Next: 83%
Magic:  8/8        EV:  8    Int:  8      God:    Trog [****..]
Gold:   203        SH:  4    Dex:  7 (9)  Spells: 7/7 levels left

rFire    . . .     SeeInvis .   a - +0 hand axe
rCold    . . .     Gourm    .   (no shield)
rNeg     + . .     Faith    .   b - +0 plate armour
rPois    ∞         Spirit   .   q - +2 helmet
rElec    +         Reflect  +   (no cloak)
rCorr    .         Harm     .   (no gloves)
MR       ++...                  (no boots)
Stlth    ..........             n - +4 amulet of reflection
HPRegen  1.17/turn              (no ring)
MPRegen  0.11/turn              (no ring)

@: berserk cooldown, regenerating
A: negative energy resistance 1, electricity resistance, unbreathing,
petrification resistance, rot immunity, AC +5
a: Berserk, Trog's Hand, Brothers in Arms, Renounce Religion


You were on level 6 of the Dungeon.
You worshipped Trog.
Trog was greatly pleased with you.
You were hungry.

You visited 2 branches of the dungeon, and saw 7 of its levels.

You collected 203 gold pieces.

Inventory:

Hand Weapons
 a - a +0 hand axe (weapon)
Armour
 b - a +0 plate armour (worn)
 q - a +2 helmet (worn)
Jewellery
 f - an uncursed amulet of the gourmand
 n - a +4 amulet of reflection (around neck)
Wands
 s - a wand of iceblast (10)
 u - a wand of random effects (22)
 x - a wand of flame (9)
Scrolls
 e - 6 scrolls of teleportation {unknown}
 g - 3 scrolls of random uselessness {unknown}
 h - 2 scrolls of enchant weapon {unknown}
 i - 10 scrolls of identify {unknown}
 l - a scroll of blinking {unknown}
 m - 4 scrolls of remove curse {unknown}
 o - a scroll of amnesia {unknown}
 w - 2 scrolls of enchant armour {unknown}
Potions
 d - 3 potions of might {unknown}
 j - a potion of cancellation {unknown}
 k - 3 potions of magic {unknown}
 p - 3 potions of degeneration {unknown}
 r - 3 potions of haste {unknown}
 v - a potion of agility {unknown}
 z - a potion of flight {unknown}
Comestibles
 c - 11 rations


   Skills:
 + Level 6.7 Fighting
 + Level 5.5 Axes
 + Level 6.2 Armour
 + Level 4.6 Dodging


You had 7 spell levels left.
You didn't know any spells.
Your spell library was empty.

Dungeon Overview and Level Annotations

Branches:
Dungeon (6/15)             Temple (1/1) D:5

Altars:
Gozag
Sif Muna
Vehumet
Wu Jian
Xom
The Shining One

Shops:
D:4 ?

Annotations:
D:4 exclusion: statue
D:6 Prince Ribbit


Innate Abilities, Weirdness & Mutations

You are resistant to torment.
Your stone body is resilient. (AC +5)
You are immune to poison.
You resist negative energy. (rN+)
You are resistant to electric shocks. (rElec)
You can survive without breathing.
You are immune to petrification.
You are immune to rotting.


Message History

The ogre hits you but does no damage. The ice beast barely misses you.
The ogre hits you with a cursed -1 giant spiked club!
* * * LOW HITPOINT WARNING * * *
The adder zombie completely misses you.
You closely miss the adder zombie. You hit the ogre.
The adder zombie bites you but does no damage.
The ogre barely misses you. The adder zombie closely misses you.
The adder zombie closely misses you.
Prince Ribbit blinks!
The adder zombie closely misses you.
The ogre hits you with a cursed -1 giant spiked club.
You feel yourself speed up. The adder zombie barely misses you.
The adder zombie falls through a shaft!
The shaft crumbles and collapses.
The ogre hits you but does no damage.
The ogre hits you with a cursed -1 giant spiked club!
You feel the effects of Trog's Hand fading.
Prince Ribbit croaks regally.
The ogre hits you with a cursed -1 giant spiked club!!
Ouch! That really hurt!
You die...

#..........###........#......##
##........## #........#...#..##
#..........###........###).....
#...<......#...####### #)).#.#.
#..........#.### #.#.$...
#......)...#.# #.##.##.
#....÷)....#.## ##.# ..#
##............## ##F.# #...
##..>.....##.@#######...#####.
######.(.###.OYF..##.........
##..#(.#######.##...####(.
########...##..# #.##...#
...........# #.# #YF..###
.#.......### .# ####.....#
P§§.§....# .. #####....
§.P§.....# .. .. §P§§.....#


You could see Prince Ribbit, an ice beast and an ogre.

Vanquished Creatures
  An orc warrior (D:6)
  A sky beast (D:5)
  A necrophage (D:5)
  An ogre (D:4)
  A phantom (D:5)
  A centaur (D:5)
  Blork the orc (D:6)
  A scorpion (D:4)
  2 howler monkeys
  A crimson imp (D:5)
  A quasit (D:6)
  2 bullfrog zombies (D:6)
  3 orc priests
  2 hounds (D:5)
  A jelly (D:5)
  3 orc wizards
  5 worker ants
  3 worker ant zombies
  Robin (D:4)
  A howler monkey zombie (D:6)
  4 gnolls (D:3)
  5 adders
  An ooze (D:3)
  An adder zombie (D:6)
  2 worms
  2 dart slugs (D:1)
  4 leopard geckos
  24 orcs
  4 giant cockroaches
  14 goblins
  14 hobgoblins
  11 jackals
  7 quokkas
  6 bats
  5 frilled lizards
  A jackal zombie (D:6)
  7 kobolds
  A leopard gecko skeleton (D:6)
  22 rats
168 creatures vanquished.

Notes
Turn   | Place    | Note
-------+----------+-------------------------------------------
     0 | D:1      | Fang the Gargoyle Berserker began the quest for the Orb.
     0 | D:1      | Reached XP level 1. HP: 14/14 MP: 1/1
   192 | D:1      | Reached XP level 2. HP: 18/19 MP: 2/2
   468 | D:1      | Reached XP level 3. HP: 23/23 MP: 3/3
  1110 | D:2      | Found a shimmering blue altar of Sif Muna.
  1179 | D:2      | Reached ** piety under Trog
  1262 | D:2      | You fall into a shaft and drop 2 floors!
  1272 | D:4      | Reached XP level 4. HP: 27/29 MP: 4/4
  1357 | D:4      | Reached XP level 5. HP: 18/33 MP: 5/5
  1423 | D:4      | Found an opulent altar of Gozag.
  1430 | D:4      | Noticed an ogre
  1438 | D:4      | Killed an ogre
  1438 | D:4      | Reached XP level 6. HP: 31/39 MP: 6/6
  1780 | D:4      | Found a glowing golden altar of the Shining One.
  1842 | D:4      | Noticed Robin
  1854 | D:4      | Reached *** piety under Trog
  1860 | D:4      | Killed Robin
  1942 | D:4      | Found Pophylem's Magic Scroll Shoppe.
  1975 | D:4      | Found a radiant altar of Vehumet.
  2290 | D:4      | Reached skill level 5 in Fighting
  2490 | D:3      | Found an ornate altar of the Wu Jian Council.
  2593 | D:3      | Reached XP level 7. HP: 44/44 MP: 7/7
  2867 | D:3      | Reached **** piety under Trog
  3794 | D:5      | Entered Level 5 of the Dungeon
  4084 | D:5      | Found a staircase to the Ecumenical Temple.
  4107 | Temple   | Entered the Ecumenical Temple
  4147 | D:5      | Reached skill level 5 in Armour
  4213 | D:5      | Reached XP level 8. HP: 46/51 MP: 8/8
  4365 | D:5      | Reached skill level 5 in Axes
  4760 | D:6      | Noticed Prince Ribbit
  4771 | D:6      | Noticed Blork the orc
  4781 | D:6      | Found a shimmering altar of Xom.
  4783 | D:6      | Killed Blork the orc
  4838 | D:6      | Slain by an ogre

Levels and vault maps discovered:
D:1:      minmay_arrival_jagged, layout_loops_corners
D:2:      layout_loops_ring, lemuel_crystal_altar,
          nicolae_overflow_hidden_temple, first_ration
D:3:      layout_loops_corners, nicolae_overflow_crystal_walls, kennysheep_boxes
D:4:      layout_loops_ring, old_standard_altar, grunt_gozag_statues,
          vehumet_statue, serial_shops, shop_statue, grunt_decor_arrowhead,
          minmay_rat_hole, uniq_robin
D:5:      layout_rooms, minmay_temple_entry_grid, minmay_misc_feat_diagonals
D:6:      layout_rooms, dancing_weapons_uskayaw, serial_undead, serial_undead_c,
          serial_undead_d, serial_undead_b, serial_undead_c, serial_undead_b,
          serial_undead_c, serial_undead_f, serial_undead_d, minivault_19,
          xom_teletrap_fun, uniq_prince_ribbit1, uniq_blork_the_orc
Temple:   zaba_magenta_temple

Skill      XL: |  1  2  3  4  5  6  7  8 |
---------------+-------------------------+-----
Axes           | 3 4 5 |  5.5
Dodging        | 2 3 4 |  4.6
Armour         | 3 4 5 6 |  6.2
Fighting       | 4 5 6 |  6.7

Action                   |  1- 3 |  4- 6 |  7- 9 || total
-------------------------+-------+-------+-------++-------
Melee: Hand axe          |   120 |   188 |   514 ||   822
Invok: Berserk           |       |     2 |     2 ||     4
       Trog's Hand       |       |       |     3 ||     3
 Stab: Sleeping          |     1 |       |       ||     1
  Eat: Chunk             |     1 |     7 |    11 ||    19
Armor: Animal skin       |    29 |       |       ||    29
       Chain mail        |    28 |   113 |    94 ||   235
       Plate armour      |       |       |   393 ||   393
Dodge: Dodged            |    70 |   102 |   273 ||   445
Block: Other             |       |       |    75 ||    75
